[Event "Early-Titled-Tuesday-Blitz-February-13-2024"]
[Site "Chess.com"]
[Date "2024.02.13"]
[Round "4"]
[White "zverr1"]
[Black "sansanathalia"]
[Result "1-0"]
[WhiteElo "2573"]
[BlackElo "2399"]
[TimeControl "180+1"]
[EndTime "8:43:27 PST"]
[Termination "zverr1 won by resignation"]

1. e4 c5 2. Nf3 d6 3. Nc3 Nf6 4. e5 dxe5 5. Nxe5 e6 6. Bb5+ Nbd7 7. d4 Qc7 8. O-O Bd6 9. Nxd7 Bxd7 10. Bxd7+ Nxd7 11. Nb5 Qc6 12. Nxd6+ Qxd6 13. dxc5 Qxd1 14. Rxd1 Nxc5 15.
Be3 Nd7 16. Bf4 Nf6 17. Be5 Rc8 18. c3 Ke7 19. Bxf6+ gxf6 20. Rd3 Rhd8 21. Rad1 Rxd3 22. Rxd3 Rg8 23. g3 f5 24. Kg2 Rd8 25. Rxd8 Kxd8 26. Kh3 Ke7 27. Kh4 Kf6 28. Kh5 Kg7 29. c4 f6 30. c5 e5 31. h4 a5 32. b3 e4 33. a3 Kf7 34. Kh6 Ke6 35. Kxh7 Ke5 36. Kg6 f4 37. gxf4+ Kxf4 38. h5 Kf3 39. h6 Kxf2 40.
h7 e3 41. h8=Q e2 42. Qxf6+ Kg1 43. Qd4+ Kf1 44. Qf4+ Kg1 45. Qg3+ Kf1 46. Qf3+ Ke1 47. b4 axb4 48. axb4 Kd1 49. b5 Kd2 50. Qf4+ Kd1 51. Qa4+ Kd2 52. c6 bxc6 53. bxc6 e1=Q 54. Qa5+ 1-0

[Event "Early-Titled-Tuesday-Blitz-February-13-2024"]
[Site "Chess.com"]
[Date "2024.02.13"]
[Round "4"]
[White "Balla_Tamas"]
[Black "rcmz"]
[Result "1-0"]
[WhiteElo "2391"]
[BlackElo "2181"]
[TimeControl "180+1"]
[EndTime "8:43:28 PST"]
[Termination "Balla_Tamas won on time"]

1. e4 a6 2. d4 b5 3. Nf3 Bb7 4. Bd3 e6 5. c3 c5 6. O-O c4 7. Bc2 Qc7 8. Re1 d6 9. Bg5 Nd7 10. Nbd2 Be7 11. e5 dxe5 12. Bxe7 Nxe7 13. Nxe5 Nxe5 14.
Rxe5 Ng6 15. Re1 O-O 16. Qh5 Rfe8 17. Nf3 Bxf3 18. Qxf3 Nf8 19. Re4 Qc6 20. Rae1 Qd5 21. Qh3 Qg5 22. Re5 Qd2 23. R5e2 Qg5 24. Qf3 Red8 25. g3 Rab8 26. h4 Qf6 27. Qg4 b4 28. Re4 bxc3 29. bxc3 Qg6 30. Qd1 Qf6 31. Rf4 Qe7 32. h5 h6 33. Bb1 Rb2 34. Qf3 Rdb8 35. Be4 Qg5 36. d5 e5 37. Rxf7 Qd2 38. Rf1 Qe2 39. Qf5 Rxa2 40. Qxe5 Kxf7 41. Bg6+ Nxg6 42. hxg6+ Kxg6 43. Qxb8 Qe7 44. d6 Qd7 45. Qc7 Qg4 46. d7 Rd2 47. d8=Q Rxd8 48. Qxd8 Kh7 49. Qd4 Qe6 50. Rd1 1-0

[Event "Early-Titled-Tuesday-Blitz-February-13-2024"]
[Site "Chess.com"]
[Date "2024.02.13"]
[Round "4"]
[White "maciek_92"]
[Black "sergoy"]
[Result "0-1"]
[WhiteElo "2818"]
[BlackElo "2981"]
[TimeControl "180+1"]
[EndTime "8:43:29 PST"]
[Termination "sergoy won by resignation"]

1. c4 c6 2. Nc3 d5 3. e3 Nf6 4. Nf3 e6 5. b3 Nbd7 6. Bb2 Bd6 7. g3 O-O 8. Bg2 e5 9. cxd5 cxd5 10. d4 e4 11. Nd2 a6 12. O-O Re8 13. a4 Nf8 14. f3 exf3 15. Qxf3 Be6 16. e4 Qb6 17. Kh1 Qxd4 18. Nxd5 Qxb2 19. Nc4 Bxd5 20. Nxb2 Bxe4 21.
Qe2 Ng6 22. Nc4 Bc6 23. Qc2 Bb4 24. Bxc6 bxc6 25. Rad1 h5 26. Qf5 h4 27. gxh4 Nxh4 28. Qg5 Ng6 29. Rf2 Re6 30. Rg2 Rae8 31. Rf1 Bc3 32. Rg3 Ne4 33. Qf5 Rf6 34. Rgf3 Rxf5 35. Rxf5 Nf6 36. Rc5 Ng4 37. Kg2 N6e5 38. Nxe5 Bxe5 39.
Rxc6 Ne3+ 40. Kf2 Nxf1 41. Kxf1 Bxh2 42. Rxa6 g5 43. Rb6 g4 44. a5 Rc8 45. a6 Rc1+ 46.
Kg2 Rc2+ 47. Kf1 g3 0-1

[Event "Early-Titled-Tuesday-Blitz-February-13-2024"]
[Site "Chess.com"]
[Date "2024.02.13"]
[Round "4"]
[White "isaak2009"]
[Black "kaanadayhamle"]
[Result "1-0"]
[WhiteElo "2683"]
[BlackElo "2425"]
[TimeControl "180+1"]
[EndTime "8:43:29 PST"]
[Termination "isaak2009 won by resignation"]

1. e4 e5 2. Nf3 Nc6 3. Bc4 Bc5 4. c3 Nf6 5. d3 d6 6. a4 a5 7. Nbd2 h6 8. Nf1 O-O 9. Ng3 Be6 10. Bb3 Bb6 11.
O-O Nh7 12. Re1 Qe7 13. d4 Bxb3 14. Qxb3 exd4 15. cxd4 Nxd4 16. Nxd4 Bxd4 17. Nf5 Qf6 18.
Nxd4 Qxd4 19. Qxb7 Nf6 20. Be3 Qxe4 21. Qxc7 Qb4 22.
Qc2 Rac8 23. Qd2 Rb8 24. Bxh6 gxh6 25. Qxh6 Qxb2 26. Rad1 Nh7 27. Rd3 Qf6 28. Qh5 Rbe8 29. Red1 Re5 30. Qh3 Rfe8 31. g3 Re1+ 32. Rxe1 Rxe1+ 33. Kg2 Re2 34. Qc8+ Kg7 35. Qg4+ Ng5 36. Qxe2 Qf5 37.
h4 Qh3+ 38. Kg1 Ne6 39. Rxd6 Qf5 40. Rd3 Qc5 41. Re3 Qc1+ 42. Kg2 Qc6+ 43. Qf3 Qxa4 44. Re4 Qd7 45. Rg4+ Kf8 46. Qa8+ Ke7 47. Qxa5 Qb7+ 48.
Kh2 Qb2 49. Qb4+ Qxb4 50. Rxb4 1-0

[Event "Early-Titled-Tuesday-Blitz-February-13-2024"]
[Site "Chess.com"]
[Date "2024.02.13"]
[Round "4"]
[White "biostatistician"]
[Black "sokidze"]
[Result "0-1"]
[WhiteElo "2589"]
[BlackElo "2831"]
[TimeControl "180+1"]
[EndTime "8:43:30 PST"]
[Termination "sokidze won on time"]

1. d4 Nf6 2. Nf3 d5 3. c4 e6 4. Nc3 a6 5. cxd5 exd5 6. Bg5 Be6 7. e3 Nbd7 8. Bd3 Bd6 9. O-O c6 10. Rb1 Qc7 11. b4 Bg4 12. h3 Bh5 13. a4 O-O 14.
Qb3 b5 15. Rfc1 Qb7 16. axb5 axb5 17. Ra1 Bg6 18. Bf1 Nb6 19. Bxf6 gxf6 20. Ne1 Nc4 21. Nd3 Nd2 22. Qd1 Nxf1 23. Nc5 Bxc5 24. dxc5 Nxe3 25.
fxe3 Rfe8 26. Qd4 Re5 27. Ne2 Rae8 28. Nf4 Kg7 29. Rf1 Re4 30. Qb2 Rxe3 31. Nxg6 hxg6 32.
Qxf6+ Kg8 33. Ra6 R3e6 34. Rb6 Rxf6 35. Rxb7 Rxf1+ 36. Kxf1 Kg7 37. Rc7 Re6 38. Kf2 Kf6 39. Kf3 Ke5 40. Rxf7 Kd4 41. h4 Kc3 42. g4 d4 43. Rd7 d3 0-1

[Event "Early-Titled-Tuesday-Blitz-February-13-2024"]
[Site "Chess.com"]
[Date "2024.02.13"]
[Round "4"]
[White "ProChessWICTH"]
[Black "rikchessmx"]
[Result "1-0"]
[WhiteElo "2521"]
[BlackElo "2306"]
[TimeControl "180+1"]
[EndTime "8:43:30 PST"]
[Termination "ProChessWICTH won on time"]

1. e4 c5 2. Nf3 e6 3. c3 d5 4. exd5 exd5 5. d4 Nf6 6. Bb5+ Nbd7 7. O-O c4 8. Re1+ Be7 9. b3 a6 10. Bxd7+ Bxd7 11. bxc4 dxc4 12. Ne5 Rc8 13. Qe2 Be6 14. a4 O-O 15. Nd2 b5 16. axb5 axb5 17. Rb1 Nd5 18. Qf3 Qb6 19. Ndxc4 Qc7 20. Na3 Nxc3 21. Ra1 b4 22.
Nb1 Bd5 23. Qd3 Bf6 24. Nxc3 bxc3 25. Bf4 Qb7 26. Reb1 Qe7 27. Rc1 Qb7 28. f3 Qb2 29. Rab1 Qa3 30. Rc2 Be7 31. Rbc1 Bb4 32. Kh1 Bb3 33.
h3 Bxc2 34. Rxc2 Qa4 35. Kh2 f6 36. Ng4 Qc6 37. Bg3 Bd6 38. Bxd6 Qxd6+ 39. g3 Qb4 40.
Ne3 Rfd8 41. d5 h5 42. Kg2 h4 43. Qg6 hxg3 44. Nf5 Rd7 45. Nh6+ Kf8 46. Ng4 Qb3 47. Nxf6 gxf6 48. Qxf6+ Ke8 49. Re2+ 1-0

[Event "Early-Titled-Tuesday-Blitz-February-13-2024"]
[Site "Chess.com"]
[Date "2024.02.13"]
[Round "4"]
[White "Alenzer"]
[Black "marik_spb"]
[Result "1-0"]
[WhiteElo "2143"]
[BlackElo "2475"]
[TimeControl "180+1"]
[EndTime "8:43:30 PST"]
[Termination "Alenzer won on time"]

1. e4 e6 2. d4 d5 3. exd5 exd5 4. c4 Nf6 5. Nc3 Bb4 6. Nf3 O-O 7. Bd3 dxc4 8. Bxc4 Re8+ 9. Be3 Nc6 10. O-O Bg4 11.
Qb3 Bxf3 12. Bxf7+ Kh8 13. Bxe8 Qxe8 14. gxf3 Qg6+ 15. Kh1 Qh5 16. Qd1 Bxc3 17. bxc3 Rf8 18. Rg1 Ne7 19. f4 Qd5+ 20. f3 Nf5 21. Bf2 Nh5 22. Bg3 h6 23. Qd3 c5 24. Rad1 cxd4 25. cxd4 Re8 26. Rde1 Rd8 27. Re5 Qxd4 28. Qxd4 Nhxg3+ 29. hxg3 Nxd4 30. Kg2 Nc6 31. Re2 Rd3 32. Rge1 Kh7 33. g4 Nd4 34. Rb2 Nxf3 35. Rf1 Nh4+ 36. Kh2 Nf3+ 37. Kg2 Nh4+ 38. Kf2 Rf3+ 39. Ke2 Rg3 40.
Rxb7 Rxg4 41. Rf2 Ng6 42. f5 Ne5 43. f6 Kg8 44. Rxg7+ Rxg7 45. fxg7 Kxg7 46. Rf5 Nc6 47.
Rc5 1-0

[Event "Early-Titled-Tuesday-Blitz-February-13-2024"]
[Site "Chess.com"]
[Date "2024.02.13"]
[Round "4"]
[White "HATilay"]
[Black "CarlosjPineror"]
[Result "1-0"]
[WhiteElo "2517"]
[BlackElo "2691"]
[TimeControl "180+1"]
[EndTime "8:43:31 PST"]
[Termination "HATilay won on time"]

1. e4 c5 2. Nf3 e6 3. d4 cxd4 4.
Nxd4 a6 5. Bd3 Qc7 6. O-O Nf6 7. Re1 d6 8. Nc3 Be7 9. a4 b6 10. Kh1 O-O 11. f4 Bb7 12. Qf3 Nc6 13. Nb3 Nb4 14. Bd2 Rac8 15. Nb5 axb5 16. Bxb4 bxa4 17. Rxa4 d5 18. e5 Ne4 19. c3 Ra8 20. Bxe7 Qxe7 21. Rb4 Qc7 22. Qe3 Nc5 23. Nd4 g6 24. g4 f6 25. Bf1 fxe5 26. Qxe5 Qxe5 27. fxe5 Ba6 28. Bxa6 Rxa6 29. Rb5 Nd3 30. Re3 Ra1+ 31. Kg2 Rf2+ 32. Kh3 Nf4+ 33. Kg3 Raf1 34. Rf3 Ne2+ 35. Nxe2 Rxf3+ 36. Kh4 R1f2 37. Nd4 Rxh2+ 38. Kg5 Rf7 39. Rxb6 h6+ 40. Kxg6 Rg7+ 41. Kf6 Rxg4 42. Kxe6 Rg5 43.
Kxd5 Rg7 44. e6 Rh5+ 45. Kd6 Kh7 46. Rb8 Rhg5 47. Rf8 h5 48. e7 R5g6+ 49. Ne6 1-0

[Event "Early-Titled-Tuesday-Blitz-February-13-2024"]
[Site "Chess.com"]
[Date "2024.02.13"]
[Round "4"]
[White "AlexPapasimakopoulos"]
[Black "Chess_Gainz"]
[Result "1/2-1/2"]
[WhiteElo "2728"]
[BlackElo "2548"]
[TimeControl "180+1"]
[EndTime "8:43:32 PST"]
[Termination "Game drawn by repetition"]

1. d4 d6 2. c4 e5 3. Nf3 e4 4.
Nfd2 f5 5. e3 Nf6 6. Nc3 g6 7.
b4 Bg7 8. Qb3 O-O 9. a4 a5 10.
b5 c5 11. bxc6 bxc6 12. Ba3 Na6 13. c5+ d5 14. g3 Rb8 15. Qd1 g5 16. Ne2 Nb4 17.
Bxb4 Rxb4 18. Rb1 Ba6 19. Rxb4 axb4 20. Nb3 Bc4 21. h4 h6 22. hxg5 hxg5 23. Qc2 Qa8 24. Qa2 Kf7 25. a5 Qa6 26. Nec1 Bxf1 27. Rxf1 Rh8 28.
Qe2 Qc8 29. a6 Ng4 30. Kd1 Rh2 31. Na5 f4 32. gxf4 gxf4 33. Nb7 Kg8 34. Nd6 Qd7 35.
a7 Qxa7 36. Qxg4 Qa4+ 37. Ke1 Qc2 38. Qd1 Qc3+ 39. Qd2 Qa3 40. exf4 Bxd4 41. Qxd4 Qxc1+ 42. Ke2 Qc2+ 43. Qd2 Qb3 44. Rg1+ Kf8 45. f5 Qf3+ 46. Ke1 Rh1 47. Qg5 Qc3+ 48. Ke2 Qd3+ 49. Ke1 Qb1+ 50.
Ke2 Qd3+ 51. Ke1 Qb1+ 52. Kd2 Qd3+ 53. Kc1 Qc3+ 54. Kd1 Qd3+ 55. Kc1 Qc3+ 56. Kb1 Qb3+ 57. Kc1 Qc3+ 1/2-1/2

[Event "Early-Titled-Tuesday-Blitz-February-13-2024"]
[Site "Chess.com"]
[Date "2024.02.13"]
[Round "4"]
[White "Msb2"]
[Black "Evgeny81"]
[Result "0-1"]
[WhiteElo "2985"]
[BlackElo "2722"]
[TimeControl "180+1"]
[EndTime "8:43:33 PST"]
[Termination "Evgeny81 won by checkmate"]

1. d4 Nf6 2. c4 c5 3. d5 g6 4. Nc3 Bg7 5. e4 d6 6. h3 O-O 7. Nf3 Na6 8. Bd3 Nc7 9. O-O e5 10. dxe6 Nxe6 11. Be3 Bd7 12. Qd2 Bc6 13. Rad1 Qa5 14.
Nd5 Qxd2 15. Rxd2 Rfe8 16. Bc2 Nd7 17. b3 b5 18. cxb5 Bxb5 19. Rfd1 Ne5 20. Nxe5 Bxe5 21. Bd3 Bc6 22. Bc4 Rab8 23. f3 g5 24. Bf2 Kg7 25.
Ne3 Nd4 26. Rxd4 cxd4 27. Nf5+ Kg6 28. Bxd4 f6 29. Bxa7 Ra8 30. Bd4 d5 31. exd5 Bd7 32. Bxe5 Rxe5 33. Ng3 Rxa2 34. d6 f5 35. Kf1 h5 36.
Ne2 Rb2 37. f4 Re4 38. fxg5 Kxg5 39. Nd4 Kf4 40. Ne2+ Ke5 41. Rd5+ Kf6 42. Rd3 Rexe2 43. Rg3 Red2 44. Kg1 Rxd6 45. Kh2 h4 46. Rg8 Rdd2 47. Bf1 Rf2 48. Kg1 Rfc2 49. Rh8 Rc1 50. Rxh4 Rbb1 51. Kh2 Rxf1 52. Rd4 Rfd1 53. Rb4 Be6 54. h4 Rh1+ 55.
Kg3 Rxb3+ 56. Rxb3 Bxb3 57. Kf3 Rxh4 58. g3 Rg4 59.
Ke3 Bd5 60. Kf2 Ke5 61. Ke1 Rxg3 62. Kd2 Kd4 63. Kc1 Rg2 64. Kb1 Kc3 65. Kc1 f4 66.
Kd1 Bc4 67. Ke1 f3 68. Kd1 Rg1# 0-1

[Event "Early-Titled-Tuesday-Blitz-February-13-2024"]
[Site "Chess.com"]
[Date "2024.02.13"]
[Round "4"]
[White "ExtremeLearner"]
[Black "OPQRC"]
[Result "1-0"]
[WhiteElo "2368"]
[BlackElo "2524"]
[TimeControl "180+1"]
[EndTime "8:43:33 PST"]
[Termination "ExtremeLearner won on time"]

1. d4 g6 2. c4 Bg7 3. Nf3 Nf6 4. g3 d5 5. Bg2 O-O 6. O-O c6 7. a4 Bf5 8. a5 Ne4 9. Nc3 Nxc3 10. bxc3 Be4 11. c5 Nd7 12. e3 b6 13. Bh3 bxc5 14. Ng5 cxd4 15. Nxe4 dxe4 16. cxd4 c5 17. Bb2 cxd4 18.
Ra4 Nc5 19. Rc4 Nd3 20. Bxd4 e5 21. Bc3 Qd5 22. Qa4 f5 23. Rc7 Rac8 24. Rd7 Qc6 25.
Qxc6 Rxc6 26. Bd2 a6 27. Rd1 Rc2 28. Bf1 Nc5 29. Rd6 Rc8 30. Bb4 Bf8 31. R6d5 Kg7 32. Rxe5 Rb2 33. Bxc5 Bxc5 34. Rd7+ Kh6 35. h4 Ra2 36.
Red5 Rxa5 37. Rb7 g5 38. Rdd7 gxh4 39. Rxh7+ Kg6 40. Rbg7+ Kf6 41. gxh4 Ra1 42. h5 a5 43. Rg6+ Ke5 44. Rd7 a4 45. Kg2 a3 46. Bc4 1-0

[Event "Early-Titled-Tuesday-Blitz-February-13-2024"]
[Site "Chess.com"]
[Date "2024.02.13"]
[Round "4"]
[White "SHIVACalypso"]
[Black "LaPiToB"]
[Result "1/2-1/2"]
[WhiteElo "2514"]
[BlackElo "2317"]
[TimeControl "180+1"]
[EndTime "8:43:34 PST"]
[Termination "Game drawn by repetition"]

1. Nf3 Nf6 2. c4 e6 3. g3 d5 4. Bg2 c5 5. O-O Nc6 6. d3 Be7 7. Nbd2 O-O 8. a3 b6 9. Rb1 Bb7 10. b3 d4 11. Ne5 Qc7 12. Nxc6 Bxc6 13. Bxc6 Qxc6 14. b4 e5 15. Qb3 e4 16. dxe4 Nxe4 17. Nxe4 Qxe4 18. e3 d3 19. Bb2 Rad8 20. Rbd1 Rd7 21.
Rd2 Rfd8 22. Rfd1 h5 23. h4 Rd6 24. bxc5 bxc5 25. Qc3 Bf6 26. Qc1 Bxh4 27. Qa1 Rg6 28. Be5 Bf6 29. Bxf6 gxf6 30. Qb1 h4 31. Rxd3 Rxd3 32.
Qxd3 Qf3 33. e4 Qf4 34. Kg2 hxg3 35. fxg3 Rg4 36. Re1 Qe5 37. Qf3 Rg6 38. Re2 Kg7 39.
Qf5 Qc3 40. Qf4 Qxc4 41. Rf2 Qd4 42. Qf3 c4 43. Re2 Qe5 44. Rc2 Qd4 45. Rc3 Qd2+ 46. Kg1 Rh6 47. Qg4+ Rg6 48. Qf3 Qd4+ 49. Kg2 Qd2+ 50.
Kg1 1/2-1/2

[Event "Early-Titled-Tuesday-Blitz-February-13-2024"]
[Site "Chess.com"]
[Date "2024.02.13"]
[Round "4"]
[White "Kostukov_Alex"]
[Black "Let_it_be_1"]
[Result "1-0"]
[WhiteElo "2244"]
[BlackElo "2558"]
[TimeControl "180+1"]
[EndTime "8:43:34 PST"]
[Termination "Kostukov_Alex won by resignation"]

1. g3 d5 2. Bg2 e6 3. d3 Nf6 4. e4 dxe4 5. dxe4 Qxd1+ 6. Kxd1 Nc6 7. f3 e5 8. Be3 Be6 9. Nd2 O-O-O 10. Bh3 Bxh3 11.
Nxh3 h6 12. c3 Nd7 13. Nf2 Bc5 14. Ke2 Bxe3 15. Kxe3 Nc5 16. Rhd1 g6 17. Nc4 f5 18. Rxd8+ Rxd8 19. a4 a6 20. b4 Ne6 21. b5 f4+ 22.
Ke2 Na7 23. bxa6 bxa6 24. Nxe5 g5 25. Nf7 Rd7 26. Nxh6 Nc6 27. Nf5 Ne5 28. Rd1 Nc5 29. Rxd7 Kxd7 30. gxf4 gxf4 31. h4 Nxa4 32. h5 Nxc3+ 33.
Kd2 Nb5 34. h6 Nxf3+ 35. Kc2 Ng5 36. Nd3 f3 37. Ne5+ Ke6 38. Nxf3 Nh7 39. Kd3 a5 40.
N3d4+ Nxd4 41. Nxd4+ Kd6 42. Nb5+ Kc6 43. Na3 Kc5 44.
Ke3 a4 45. Kf4 Kb4 46. Nb1 Kb3 47. e5 Kc2 48. Na3+ Kb2 49. Nb5 Nf8 50. Kf5 Kb3 51. e6 Nxe6 52. Kxe6 Kb4 53. Nxc7 a3 54. h7 1-0

[Event "Early-Titled-Tuesday-Blitz-February-13-2024"]
[Site "Chess.com"]
[Date "2024.02.13"]
[Round "4"]
[White "SimonKnightRivendell"]
[Black "Louis-Paulsen-Fan"]
[Result "1/2-1/2"]
[WhiteElo "2106"]
[BlackElo "2269"]
[TimeControl "180+1"]
[EndTime "8:43:34 PST"]
[Termination "Game drawn - timeout vs insufficient material"]

1. d4 d5 2. c4 e6 3. Nf3 c5 4. g3 Nc6 5. cxd5 exd5 6. Bg2 c4 7.
O-O Bb4 8. Bd2 Bxd2 9. Qxd2 Nf6 10. Nc3 Rb8 11. a3 O-O 12. Rfe1 Bf5 13. Nh4 Be6 14. Rad1 b5 15. e4 a5 16. e5 Ne8 17. f4 Qd7 18. Rf1 b4 19. f5 bxc3 20. fxe6 cxd2 21. exd7 Nc7 22. Rxd2 Rfd8 23. Nf5 Rxd7 24. Nd6 h6 25.
Bh3 Re7 26. Rdf2 Rf8 27. Rf4 Ne6 28. Rxf7 Rfxf7 29. Rxf7 Nexd4 30. Rxe7 Nxe7 31. Nb7 Nc2 32. Nxa5 Kf7 33. Kf2 g6 34. Ke2 Nf5 35. Bxf5 gxf5 36. Kd2 Nd4 37. Nb7 Ke6 38. a4 Nc6 39. a5 Kxe5 40. a6 Ke4 41. Nd6+ Kf3 42. Nb5 Kg2 43. Nd4 Na7 44. Nxf5 Kxh2 45. Ke3 Kh3 46. Kd4 Kg4 47. Nxh6+ Kxg3 48. Kxd5 Kf3 49. Kxc4 Ke4 50. b4 Ke5 51.
Kc5 Ke6 52. Kb6 Nc8+ 1/2-1/2

[Event "Early-Titled-Tuesday-Blitz-February-13-2024"]
[Site "Chess.com"]
[Date "2024.02.13"]
[Round "4"]
[White "Antipov_Mikhail_Al"]
[Black "Adar_07"]
[Result "1/2-1/2"]
[WhiteElo "2954"]
[BlackElo "2791"]
[TimeControl "180+1"]
[EndTime "8:43:36 PST"]
[Termination "Game drawn by repetition"]

1. e4 e5 2. Nf3 Nc6 3. Nc3 Nf6 4. h3 d5 5. exd5 Nxd5 6. Bb5 Nxc3 7. bxc3 Bd6 8. d4 exd4 9. O-O O-O 10. cxd4 Bf5 11. c4 Be4 12. Ng5 Bg6 13. Be3 Re8 14. Qd2 Rxe3 15.
Qxe3 Nxd4 16. Rad1 Nf5 17. Qc1 Qf8 18. Ne4 Be5 19. Rfe1 Qb4 20. Bd7 Nd6 21. Nxd6 Bxd6 22. h4 Qc5 23. Qg5 Qxc4 24. Bb5 Qxa2 25. h5 h6 26. Qg4 Bc2 27. Qe2 Qb3 28. Rd2 Bf5 29. Bc4 Qb4 30. Rd4 Qc3 31. Rdd1 Qf6 32. g4 Bd7 33. f3 Bc6 34. Bd5 Bxd5 35. Rxd5 a5 36. Rf5 Qd4+ 37. Kg2 a4 38. Qa2 Rf8 39. Re8 Rxe8 40. Qxf7+ Kh7 41. Qg6+ Kg8 42. Qxe8+ Kh7 43.
Qg6+ Kg8 44. Qe6+ Kh7 45. Qg6+ Kg8 46. Qf7+ Kh7 47. Qg6+ 1/2-1/2

[Event "Early-Titled-Tuesday-Blitz-February-13-2024"]
[Site "Chess.com"]
[Date "2024.02.13"]
[Round "4"]
[White "martinmena"]
[Black "Teidi96"]
[Result "0-1"]
[WhiteElo "2116"]
[BlackElo "2301"]
[TimeControl "180+1"]
[EndTime "8:43:36 PST"]
[Termination "Teidi96 won on time"]

1. c4 e5 2. Nc3 Nf6 3. g3 d5 4.
cxd5 Nxd5 5. Bg2 Nb6 6. Nf3 Nc6 7. O-O Be7 8. d3 O-O 9. a3 Re8 10. b4 a5 11. b5 Nd4 12. Nxd4 exd4 13. Na4 Nxa4 14.
Qxa4 Bf6 15. Bf4 Rxe2 16. Rac1 Re7 17. Rfe1 Rxe1+ 18. Rxe1 g5 19. Bd2 Kg7 20. Qc2 a4 21.
Qc5 h6 22. Rc1 Bd7 23. Bxb7 Rb8 24. Bc6 Bxc6 25. Qxc6 Qe7 26. Qxc7 Qxc7 27. Rxc7 Rxb5 28. Ra7 Rb3 29. Rxa4 Rxd3 30. Bb4 Rd1+ 31. Kg2 g4 32. Ra6 d3 33. Rd6 Bg5 34. f4 gxf3+ 35. Kf2 d2 36. h4 Rh1 37. hxg5 d1=Q 38. Rxd1 Rxd1 39. gxh6+ Kxh6 40. Kxf3 Kg6 41. g4 Ra1 42. Bc5 Ra2 43. Bd6 Kf6 44. Kf4 Ke6 45. Bb4 f6 46. Kg3 Rc2 47. Kf3 Rc4 48. Bf8 Ke5 49. Bb4 Rf4+ 50. Kg3 Re4 51. Kh4 Re3 52. Kh5 Rh3+ 53. Kg6 Rf3 0-1

[Event "Early-Titled-Tuesday-Blitz-February-13-2024"]
[Site "Chess.com"]
[Date "2024.02.13"]
[Round "4"]
[White "sergeikim"]
[Black "FGHSMN"]
[Result "1/2-1/2"]
[WhiteElo "2627"]
[BlackElo "2972"]
[TimeControl "180+1"]
[EndTime "8:43:37 PST"]
[Termination "Game drawn by repetition"]

1. d4 Nf6 2. c4 b6 3. Nc3 Bb7 4. Nf3 g6 5. g3 Bg7 6. Bg2 O-O 7. O-O Ne4 8. Nxe4 Bxe4 9. Bd2 c5 10. Bc3 Nc6 11.
e3 d5 12. dxc5 Bxc3 13. bxc3 dxc4 14. cxb6 axb6 15. Nd4 Bxg2 16. Kxg2 Ne5 17. a4 Qd5+ 18. Kg1 h5 19. f4 Nd3 20. Qf3 Qa5 21. f5 Qe5 22. Nc6 Qd6 23. Qe4 Nc5 24. Qf3 gxf5 25. Rad1 Nd3 26. Nd4 e6 27. Qxh5 Qe7 28. e4 Qf6 29. Nxf5 exf5 30. Rxf5 Qxc3 31. Rg5+ Qg7 32. Rxg7+ Kxg7 33. Qg5+ Kh7 34. Rf1 Ra5 35. Qh4+ Kg8 36. Rf6 Re8 37. Qg4+ Kf8 38. Qd7 Ne5 39. Qd6+ Kg7 40.
Rf5 Re6 41. Qd8 Ng6 42. Qd7 Re7 43. Qd4+ Ne5 44. Rg5+ Kf8 45. Qd8+ Re8 46. Qd6+ Re7 47. Qd8+ Re8 48. Qd6+ Re7 49. Qd8+ 1/2-1/2

[Event "Early-Titled-Tuesday-Blitz-February-13-2024"]
[Site "Chess.com"]
[Date "2024.02.13"]
[Round "4"]
[White "Kobalia"]
[Black "HaryKane"]
[Result "1/2-1/2"]
[WhiteElo "2797"]
[BlackElo "2579"]
[TimeControl "180+1"]
[EndTime "8:43:38 PST"]
[Termination "Game drawn - insufficient material"]

1. e4 e5 2. Nf3 Nc6 3. Bb5 a6 4. Ba4 Nf6 5. O-O b5 6. Bb3 Bc5 7. c3 d6 8. d4 Bb6 9. Be3 Bg4 10. dxe5 Nxe5 11. Bxb6 Bxf3 12. gxf3 cxb6 13. f4 Ng6 14. e5 dxe5 15. fxe5 Qxd1 16. Rxd1 Nh5 17. Nd2 Ke7 18.
Nf3 Rhd8 19. Rd4 Nhf4 20. Kf1 a5 21. Rad1 a4 22. Rxd8 Rxd8 23. Rxd8 Kxd8 24. Bxf7 Nd3 25. Bxg6 hxg6 26. Ke2 Nxb2 27. Nd4 Nc4 28. f4 g5 29. fxg5 Nxe5 30. Nxb5 Kd7 31. Nd4 Kd6 32. Nf5+ Kc5 33. Nxg7 Kc4 34. h4 Kxc3 35. h5 b5 36. Nf5 b4 37.
Ne3 b3 38. a3 b2 39. Nd1+ Kb3 40. Nxb2 Kxb2 41. g6 Ng4 42. Kf3 Nh6 43. Kf4 Kxa3 44.
Kg5 Ng8 45. h6 Nxh6 46. Kxh6 Kb2 47. g7 a3 48. g8=Q a2 49. Qg7+ Kb1 50. Qg1+ Kb2 51.
Qd4+ Kb1 52. Qd1+ Kb2 53. Qd2+ Kb1 54. Qb4+ Kc1 55. Qa3+ Kb1 56. Qb3+ Ka1 57. Qa3 Kb1 58. Qd3+ Kb2 59. Qd2+ Kb1 60. Qe3 a1=Q 61. Qe1+ Ka2 62.
Qxa1+ Kxa1 1/2-1/2

[Event "Early-Titled-Tuesday-Blitz-February-13-2024"]
[Site "Chess.com"]
[Date "2024.02.13"]
[Round "4"]
[White "traviscottofficial"]
[Black "Quattroporte300"]
[Result "1-0"]
[WhiteElo "2666"]
[BlackElo "2414"]
[TimeControl "180+1"]
[EndTime "8:43:39 PST"]
[Termination "traviscottofficial won by resignation"]

1. c4 g6 2. Nf3 Bg7 3. g3 Nc6 4. Bg2 d6 5. O-O e5 6. d3 f5 7.
Nc3 Nf6 8. a3 a5 9. Rb1 O-O 10.
b4 axb4 11. axb4 Qe7 12. b5 Nd8 13. Bb2 Ne6 14. Nd2 Nc5 15. Nb3 Nxb3 16. Qxb3 Rb8 17. Ra1 Be6 18. Ra7 b6 19. Rc1 Rf7 20. Qa4 h5 21.
Nd5 Qd8 22. Nb4 Qf8 23. Ba3 e4 24. d4 Ng4 25. Nc6 Re8 26. h3 Nxf2 27. Kxf2 f4 28. gxf4 Rxf4+ 29. Kg1 Qf6 30. Qb3 Qg5 31. Rxc7 Ref8 32.
Bxd6 Rf3 33. Rxg7+ Kxg7 34. Bxf8+ Rxf8 35. Rf1 Re8 36.
d5 Bf5 37. Qc3+ Kh7 38. Nd4 e3 39. Nxf5 gxf5 40. Qd4 Rg8 41. Rf2 exf2+ 42. Qxf2 Qc1+ 43. Kh2 Qg5 44. e3 Qf6 45. Qf4 Rd8 46. Be4 Qd6 47. Bxf5+ Kg7 48. Qxd6 Rxd6 49. Kg3 Kf6 50. Kf4 h4 51. e4 Rd8 52. e5+ Ke7 53. d6+ Kf7 54.
Ke4 Ra8 55. Kd5 Ra2 56. e6+ Ke8 57. Bg6+ Kd8 58. e7+ 1-0

[Event "Early-Titled-Tuesday-Blitz-February-13-2024"]
[Site "Chess.com"]
[Date "2024.02.13"]
[Round "4"]
[White "Nikolakis2014"]
[Black "Levanzovsky"]
[Result "1/2-1/2"]
[WhiteElo "2705"]
[BlackElo "2512"]
[TimeControl "180+1"]
[EndTime "8:43:40 PST"]
[Termination "Game drawn by repetition"]

1. d4 Nf6 2. Nf3 d5 3. c4 e6 4. g3 c5 5. Bg2 Nc6 6. O-O cxd4 7. Nxd4 Bc5 8. Nb3 Bb6 9. Bg5 dxc4 10. Bxc6+ bxc6 11. Qxd8+ Kxd8 12. N3d2 Bd4 13. Nxc4 Ke7 14. Nbd2 Rd8 15. Nb3 Ba6 16. Nca5 Rac8 17. Nxd4 Rxd4 18. Rfc1 c5 19. Be3 Rd5 20. b4 Bxe2 21. Bxc5+ Kd7 22.
Bxa7 Bf3 23. Rxc8 Kxc8 24. Rc1+ Kd7 25. Nb3 e5 26. a4 Ne4 27. Nc5+ Nxc5 28. Bxc5 g5 29. h3 h5 30. a5 g4 31. a6 Kc6 32.
Be3+ Kb5 33. a7 Rd8 34. hxg4 hxg4 35. Kf1 Kxb4 36. Ke1 Kb5 37. Rb1+ Ka6 38. Ra1+ Kb7 39. Rb1+ Ka8 40. Rc1 Rh8 41. Kd2 Rd8+ 42. Kc3 Rc8+ 43. Kb2 Rxc1 44. Kxc1 Kb7 45. Kd2 Kc7 46. Kc3 Kd7 47.
Kb4 Kc7 48. Kc5 f5 49. Kb5 Kb7 50. Kc5 Be4 51. Kd6 Ka8 52. Kxe5 Kb7 53. Kf4 Ka8 54. Ke5 Kb7 55. Kd6 Ka8 56. Kc7 Bf3 57. Kd6 Be4 58.
Ke5 1/2-1/2

[Event "Early-Titled-Tuesday-Blitz-February-13-2024"]
[Site "Chess.com"]
[Date "2024.02.13"]
[Round "4"]
[White "Kirill_Klukin"]
[Black "jaskol95"]
[Result "0-1"]
[WhiteElo "2804"]
[BlackElo "2583"]
[TimeControl "180+1"]
[EndTime "8:43:42 PST"]
[Termination "jaskol95 won by resignation"]

1. f4 d5 2. Nf3 Nf6 3. g3 Bg4 4.
Bg2 Bxf3 5. Bxf3 e6 6. O-O c6 7. d3 Nbd7 8. Nc3 Bc5+ 9. Kh1 h5 10. e4 h4 11. g4 Qc7 12. e5 Ng8 13. d4 Bb4 14.
Ne2 O-O-O 15. c3 Bf8 16. Be3 f6 17. Qd2 fxe5 18. fxe5 Be7 19. Nf4 Nf8 20. Rf2 Nh6 21. Raf1 Nf7 22. Nh3 Ng6 23. Bxd5 Rxd5 24. Rxf7 Nxe5 25.
Bg5 Nxf7 26. Rxf7 Rd7 27. Bf4 Bd6 28. Rxd7 Qxd7 29. Qe3 Bxf4 30. Nxf4 Rf8 31. Kg2 g5 32. Ng6 Rf6 33. Ne5 Qd5+ 34. Kg1 Qxa2 35. Qe2 Qb1+ 36. Kg2 Rf4 37. Nd3 Rf6 38. Nc5 b6 39. Ne4 Rf4 40.
Nxg5 Rf6 41. Ne4 Rg6 42. Nf2 Kb7 43. Nd3 h3+ 44. Kxh3 Qg1 45. Kh4 Rh6+ 46. Kg5 Rxh2 47.
Ne5 Rxe2 48. Kf6 Rf2+ 49. Kxe6 Re2 50. Kd6 Rxe5 51. dxe5 Qxg4 52. e6 Qf4+ 53. Kd7 Qc7+ 54. Ke8 Qd6 55. e7 Kc7 56. Kf7 Qf4+ 57. Ke6 Qe4+ 58.
Kf7 Qf5+ 0-1